[Event "*** Qualifier 3: Titled Tuesday 3|2 Blitz"]
[Site "Chess.com"]
[Date "2017.04.18"]
[Round "4"]
[White "Konavets"]
[Black "Aygehovit1992"]
[Result "1/2-1/2"]
[WhiteElo "2597"]
[BlackElo "2426"]
[TimeControl "180+2"]
[EndTime "13:55:25 PDT"]
[Termination "Game drawn by agreement"]

1. e4 d6 2. d4 g6 3. Nc3 Nf6 4. f4 Bg7 5. Nf3 O-O 6. e5 dxe5 7.
fxe5 Nh5 8. Bg5 Nc6 9. Qd2 f6 10. Bc4+ Kh8 11. exf6 exf6 12. Be3 Bg4 13. O-O-O f5 14.
h3 Bxf3 15. gxf3 f4 16. Bf2 Ng3 17. Rhe1 Nf5 18. Ne2 Ne3 19. Bxe3 fxe3 20. Qxe3 Qh4 21. Kb1 Rae8 22. Qc1 Nxd4 23. Nxd4 Rxe1 24. Rxe1 Qxd4 25. Bb3 Rxf3 26. c3 Qd7 27. Qg5 Rf1 28. Qe3 Rxe1+ 29. Qxe1 Bf6 30. a4 Kg7 31. Ka2 h5 32. Qe4 b6 33.
Qc4 h4 34. Qg8+ Kh6 35. Qf8+ Kg5 36. a5 bxa5 37. Qc5+ Kh6 38. Qf8+ Kg5 39. Qc5+ Kh6 40. Qe3+ Kg7 41. Qxa7 Qxh3 42. Qxc7+ Kh6 43. Qxa5 Qf3 44. Bd5 Qf2 45. Be6 Qe3 46. Qa6 Bxc3 47. Bf5 Qg5 48. Be4 Bxb2 49. Qc6 Bf6 50. Qe6 Qf4 51. Kb3 Qe5 52.
Qg4 Bg5 53. Kc4 Qd6 54. Qc8 Bd8 55. Qg4 Kg7 56. Qg2 Qa6+ 57. Kd5 Qb5+ 58. Kd6 Qb6+ 59. Kd5 Bg5 60. Qf3 Qd8+ 61. Kc4 Qc8+ 62. Kd3 Qd7+ 63. Ke2 Qe6 64. Kf1 h3 65. Kg1 Bd8 66. Kh1 Qd7 67.
Qc3+ Bf6 68. Qf3 Qc8 69. Qe3 Be5 70. Qg5 Qe6 71. Qxg6+ Qxg6 72. Bxg6 Kxg6 73. Kg1 Kg5 1/2-1/2

[Event "*** Qualifier 3: Titled Tuesday 3|2 Blitz"]
[Site "Chess.com"]
[Date "2017.04.18"]
[Round "4"]
[White "kikydu96"]
[Black "roldieyi"]
[Result "1-0"]
[WhiteElo "2357"]
[BlackElo "2223"]
[TimeControl "180+2"]
[EndTime "13:55:40 PDT"]
[Termination "kikydu96 won by checkmate"]

1. e4 c6 2. d4 d5 3. Nc3 dxe4 4.
Nxe4 Nf6 5. Nxf6+ exf6 6. c3 Bd6 7. Bd3 O-O 8. Ne2 Re8 9. O-O Nd7 10. Be3 Qc7 11.
Ng3 Nf8 12. Qd2 g5 13. Rae1 Ng6 14. Kh1 Bg4 15. h3 Bxg3 16. fxg3 Qxg3 17. hxg4 Nh4 18. Qf2 Qxg4 19. Bf5 Qh5 20. g4 Qh6 21. Qh2 Re7 22. Bd2 Rae8 23. Rxe7 Rxe7 24. Re1 Rxe1+ 25. Bxe1 Kg7 26.
Bxh4 gxh4 27. Qf2 Qg5 28. Kh2 h5 29. Kh3 hxg4+ 30. Bxg4 Qc1 31. Bf3 Kf8 32. Kxh4 Qb1 33. a3 Qg6 34. Kh3 Qg5 35. Bg4 Ke7 36. Kg3 b6 37. Qe2+ Kf8 38. Qe4 Qc1 39. Qe2 Qg5 40. Kf2 f5 41. Bf3 Qh4+ 42. Ke3 Qg3 43. Kd2 Qf4+ 44. Kc2 c5 45. dxc5 bxc5 46. Bd5 Qd6 47. Qc4 f4 48. Qe4 Kg7 49. Qf5 f6 50. Be4 Kf8 51. Bd5 Kg7 52. Qe6 Qe5 53. Qxe5 fxe5 54. Kd3 Kf6 55. Ke4 Kg5 56. Kf3 Kf5 57. b4 cxb4 58.
cxb4 Kf6 59. Ke4 Kg5 60. Kxe5 Kg4 61. b5 f3 62. a4 f2 63. Bc4 Kf3 64. a5 Ke3 65. b6 axb6 66. axb6 Kd2 67. b7 Kc3 68.
Ba6 Kb4 69. b8=Q+ Kc3 70. Qb5 f1=Q 71. Qxf1 Kb4 72. Qc4+ Ka3 73. Qb5 Ka2 74. Qb4 Ka1 75. Kd4 Ka2 76. Kc3 Ka1 77. Qb2# 1-0

[Event "*** Qualifier 3: Titled Tuesday 3|2 Blitz"]
[Site "Chess.com"]
[Date "2017.04.18"]
[Round "4"]
[White "Indianlad"]
[Black "nurmiTV"]
[Result "1-0"]
[WhiteElo "2726"]
[BlackElo "2416"]
[TimeControl "180+2"]
[EndTime "13:55:43 PDT"]
[Termination "Indianlad won by checkmate"]

1. e4 c5 2. Nf3 e6 3. d4 cxd4 4.
Nxd4 a6 5. Nc3 Qc7 6. g3 Nf6 7. Bg2 Be7 8. O-O O-O 9. f4 d6 10. a4 Nc6 11. Nb3 b6 12. g4 Bb7 13. g5 Nd7 14. f5 Rfe8 15. f6 Bf8 16. Bf4 Nde5 17. fxg7 Bxg7 18. Ne2 Rad8 19. Ng3 Ng6 20. Nh5 Bxb2 21.
Nf6+ Bxf6 22. gxf6 Kh8 23. Bh6 Nce5 24. c4 Qxc4 25.
Bg7+ Kg8 26. Rc1 Qd3 27. Qxd3 Nxd3 28. Rc7 Ba8 29. Rd1 Nc5 30. Nxc5 dxc5 31. Rxd8 Rxd8 32. Ra7 c4 33. Bh6 b5 34. Rxa6 bxa4 35. Rxa4 Rc8 36. Bf1 c3 37. Bd3 Ne5 38. Bc2 Nf3+ 39. Kf2 Ne5 40. h3 Nd7 41. Bg7 h6 42. Ke3 Ne5 43. Kd4 Nf3+ 44. Ke3 Ne1 45. Ra2 Ng2+ 46. Kd4 Nf4 47.
Bxh6 Nxh3 48. Be3 Kf8 49. Bd3 Rd8+ 50. Kxc3 Rc8+ 51. Kd2 Kg8 52. Bf1 Rd8+ 53. Ke2 Bxe4 54. Bxh3 Bd5 55. Rd2 Kh7 56. Bd4 Kg6 57. Ke3 Rh8 58.
Bg4 Ra8 59. Be2 Ra3+ 60. Bd3+ Kg5 61. Rd1 Bc4 62. Rg1+ Kh5 63. Rh1+ Kg5 64. Rg1+ Kh5 65. Rd1 Kg5 66. Ke4 Bd5+ 67. Ke5 Ra5 68. Rg1+ Kh5 69.
Kd6 Bf3 70. Bc4 Bd5 71. Be2+ Kh4 72. Ke7 Ra4 73. Bf2+ Kh3 74. Kxf7 e5+ 75. Kg6 e4 76.
Be3 Ra3 77. Bf4 Ra2 78. Bg4+ Kh4 79. Bg5# 1-0

[Event "*** Qualifier 3: Titled Tuesday 3|2 Blitz"]
[Site "Chess.com"]
[Date "2017.04.18"]
[Round "4"]
[White "djogrodek1"]
[Black "pedromartinez91"]
[Result "1-0"]
[WhiteElo "2394"]
[BlackElo "2324"]
[TimeControl "180+2"]
[EndTime "13:55:43 PDT"]
[Termination "djogrodek1 won by resignation"]

1. e4 e6 2. d4 d5 3. Nd2 Nf6 4.
e5 Ne4 5. Bd3 Nxd2 6. Bxd2 c5 7.
c3 Qb6 8. Ne2 Nc6 9. O-O Bd7 10.
Be3 Be7 11. Rb1 Rc8 12. a3 cxd4 13. cxd4 Na5 14. Nf4 Bb5 15. Bxb5+ Qxb5 16. Qg4 g6 17. Rfc1 Rc6 18. Rxc6 Qxc6 19. Rc1 Nc4 20. Qd1 Qd7 21. a4 O-O 22. b3 Na5 23. Bd2 Nc6 24. Be3 Rc8 25.
Nd3 Ba3 26. Rc2 Nb4 27. Nxb4 Bxb4 28. Qc1 Rxc2 29. Qxc2 a6 30. Kf1 Kf8 31. Ke2 Ke8 32. Bd2 Be7 33. Kd3 h5 34. f3 Qd8 35. Qc3 Kd7 36. Qa5 Qc8 37. Qc3 Qc6 38. Qxc6+ Kxc6 39. h3 Ba3 40. Ba5 Bb2 41. Ke3 b5 42. Kd3 Bc1 43.
g4 Bf4 44. Bb4 Bh2 45. Ke3 Bg1+ 46. Kd3 Kb6 47. Kc3 Bf2 48. Be7 bxa4 49. bxa4 Ka5 50. Kb3 Bxd4 51. Bd6 Kb6 52. Kb4 Be3 53. gxh5 gxh5 54.
Be7 Bd2+ 55. Kb3 Kc6 56. Bd6 Be3 57. Kb4 Bb6 58. Be7 Bc7 59. Bf6 a5+ 60. Kc3 Bb6 61. Be7 Bc5 62. Bf6 Bb4+ 63. Kd3 Ba3 64. Bg7 Be7 65.
Bh6 Kc5 66. Bd2 Bd8 67. Bc3 Bc7 68. Bd2 Bxe5 69. Bxa5 d4 70. Bd8 Kd5 71. a5 Bb8 72.
a6 e5 73. Bb6 f5 74. a7 e4+ 75. fxe4+ fxe4+ 76. Ke2 Bxa7 77. Bxa7 Kc4 78. Kd2 e3+ 79.
Ke2 Kc3 80. Bb6 h4 81. Kf3 Kd3 82. Ba5 Kc2 83. Ke2 Kb3 84. Kd3 Ka4 85. Be1 Kb3 86. Bxh4 Kb4 1-0

[Event "*** Qualifier 3: Titled Tuesday 3|2 Blitz"]
[Site "Chess.com"]
[Date "2017.04.18"]
[Round "4"]
[White "agapov771"]
[Black "Rating-Schmating"]
[Result "0-1"]
[WhiteElo "2428"]
[BlackElo "2303"]
[TimeControl "180+2"]
[EndTime "13:55:45 PDT"]
[Termination "Rating-Schmating won on time"]

1. d4 Nf6 2. c4 e6 3. Nc3 Bb4 4. Qb3 Nc6 5. Nf3 d5 6. Bg5 Bxc3+ 7. Qxc3 h6 8. Bh4 g5 9. Bg3 Ne4 10. Qc2 Nxg3 11. hxg3 Qf6 12. e3 Bd7 13. a3 O-O-O 14. b4 dxc4 15. Qxc4 e5 16. d5 Ne7 17. Rc1 Qd6 18. e4 Kb8 19. Qc5 f5 20. Bd3 fxe4 21. Bxe4 Bf5 22. Bxf5 Nxf5 23. O-O Qxc5 24. Rxc5 Rhe8 25.
Rfc1 Re7 26. g4 Nd4 27. Nxd4 exd4 28. Rd1 Re4 29. f3 Re3 30. Rxd4 Rxa3 31. Re4 Rd3 32.
Re7 Rd4 33. b5 Rb4 34. Rexc7 Rxb5 35. Kf2 Rxc5 36. Rxc5 b6 37. Rb5 Kb7 38. Ke3 a6 39.
Rb1 Rxd5 40. Ke4 Rd2 41. Rh1 Rd6 42. Ke5 Rc6 43. g3 a5 44. f4 gxf4 45. gxf4 a4 46. f5 b5 47. f6 Rc3 48. Rf1 Re3+ 49. Kd4 Re8 50. Kc5 Ka6 51. f7 Rf8 52. Kb4 Kb6 53.
Rf6+ Kc7 54. Kxb5 a3 55. Kc5 a2 56. Ra6 Rxf7 57. Rxa2 Rf4 58. Rg2 Kd7 59. Kd5 Ke7 60. Ke5 Rf1 61. Ra2 Kf7 62. Ra6 Kg7 63. Ke4 Re1+ 64.
Kf4 Rf1+ 65. Ke4 Kh7 66. Rc6 Rf7 67. Ke5 Re7+ 68. Kf5 Rf7+ 69. Rf6 Rg7 70. Rf8 Rg5+ 71. Kf4 Ra5 72. Rf5 Ra4+ 73. Kg3 Kg6 74. Rb5 Ra6 75. Kh4 Ra7 76. Rb6+ Kg7 77. Kh5 Ra5+ 78. Kh4 Ra1 79. Rb7+ Kf6 80. Rb6+ Kg7 81. Rb7+ Kf6 82. Rb6+ Kg7 83.
Rb7+ Kh8 84. Rb8+ Kh7 85. Rb7+ Kg6 86. Rb6+ Kg7 87. Rb7+ Kf8 88. Rb8+ Ke7 89. Rb6 Rh1+ 90. Kg3 Kd7 91. Rf6 Ke7 92. Rf5 Ke6 93. Rh5 Rg1+ 94. Kf3 Rf1+ 95. Kg2 Rf6 96. Ra5 Kf7 97. Kg3 Kg6 98. Kh4 Rc6 0-1

[Event "*** Qualifier 3: Titled Tuesday 3|2 Blitz"]
[Site "Chess.com"]
[Date "2017.04.18"]
[Round "4"]
[White "underdogchss"]
[Black "maciek_92"]
[Result "0-1"]
[WhiteElo "2413"]
[BlackElo "2528"]
[TimeControl "180+2"]
[EndTime "13:55:51 PDT"]
[Termination "maciek_92 won by resignation"]

1. d4 Nf6 2. Nf3 g6 3. Bg5 Bg7 4. Nbd2 d5 5. e3 O-O 6. c3 Bf5 7. Qb3 Nbd7 8. Be2 c5 9. O-O Qc7 10. Bf4 Qb6 11. h3 c4 12. Qxb6 axb6 13. a3 b5 14. g4 Bc2 15. Rac1 Ba4 16. Ne5 Rfe8 17. g5 Ne4 18. Nxe4 Nxe5 19. Nc5 Nc6 20. Nxb7 e5 21. dxe5 Nxe5 22. Nc5 Rac8 23. Nxa4 bxa4 24. Rfd1 Rcd8 25. Rd2 Rd6 26. Rcd1 Rb6 27. Rxd5 Rxb2 28. Rd8 Kf8 29. Bxe5 Bxe5 30. Bxc4 Bxc3 31. R8d3 Rc2 32. Rd7 Re7 33. Rxe7 Kxe7 34. Bb5 Ra2 35. Bxa4 Rxa3 36. Bc6 Ra5 37. f4 Ke6 38. Bd7+ Ke7 39. Bg4 Bb4 40. Rd7+ Ke8 41. Kf2 Bc5 42. Rd3 Ra2+ 43. Kf3 Ke7 44.
Rd7+ Ke8 45. Rd5 Rc2 46. Re5+ Kf8 47. h4 Rc3 48. h5 Bd6 49. Re4 Ra3 50. Rc4 Ke7 51. h6 f6 52. Re4+ Kf7 53. Be6+ Kf8 54. gxf6 Bc5 55. Bc4 Rc3 56. Bd5 Rd3 57. Bc4 Rc3 58.
Ke2 Bxe3 59. f7 Rxc4 60. Rxc4 Bb6 61. Rc6 Ba5 62. Ra6 Bc7 63. Ra7 Bxf4 64. Kf3 Bxh6 65.
Ke4 Bd2 66. Kd5 Kg7 67. Rc7 Bb4 68. Rb7 Bf8 69. Ke6 h5 70. Rb5 Ba3 71. Ra5 Bf8 72. Rb5 h4 73. Ra5 Kh6 74. Ra8 Kg7 75. Ra4 g5 76.
Rg4 Kg6 77. Ra4 h3 78. Ra2 g4 79. Ra8 h2 80. Rxf8 h1=Q 81. Rg8+ Kh7 82. f8=Q Qe4+ 83.
Kd7 Qd5+ 84. Ke8 Qxg8 85. Ke7 Qxf8+ 86. Kxf8 g3 87. Kf7 g2 0-1

[Event "*** Qualifier 3: Titled Tuesday 3|2 Blitz"]
[Site "Chess.com"]
[Date "2017.04.18"]
[Round "4"]
[White "TenisMaster"]
[Black "superjem123"]
[Result "1/2-1/2"]
[WhiteElo "2670"]
[BlackElo "2557"]
[TimeControl "180+2"]
[EndTime "13:58:31 PDT"]
[Termination "Game drawn by 50-move rule"]

1. e4 e5 2. Nf3 Nc6 3. Bb5 Nf6 4. d3 Ne7 5. O-O Ng6 6. d4 c6 7.
dxe5 Ng4 8. Be2 Be7 9. Nc3 O-O 10.
Nd4 N4xe5 11. f4 c5 12. Nf5 Nc6 13. Nd5 d6 14. Ndxe7+ Ngxe7 15. Nxd6 Nd4 16. Nc4 Nec6 17. Be3 Nxe2+ 18. Qxe2 Nd4 19. Qf2 Qe7 20. e5 b6 21.
Nd6 Ba6 22. Rfe1 Nb5 23. Qg3 Nxd6 24. exd6 Qxd6 25. Rad1 Qf6 26. Bd2 Rfe8 27. Bc3 Rxe1+ 28. Rxe1 Qh6 29. Re7 Bc4 30. b3 Be6 31. h3 a5 32. Rb7 Qg6 33. Qxg6 hxg6 34. Rxb6 a4 35. Rc6 axb3 36. axb3 Ra2 37. Rxc5 Rxc2 38. b4 Bf5 39. g4 Be4 40. b5 f6 41. b6 g5 42. fxg5 fxg5 43.
Kf1 g6 44. Ke1 Kf7 45. Kd1 Rh2 46. Re5 Bf3+ 47. Kc1 Rxh3 48. Rxg5 Rh1+ 49. Kb2 Rg1 50. Rc5 Rxg4 51. b7 Bxb7 52. Rc7+ Ke6 53. Rxb7 Re4 54.
Kc2 g5 55. Kd3 Rf4 56. Bd2 Rf5 57. Be3 g4 58. Rg7 g3 59. Rxg3 Rd5+ 60. Bd4 Rd6 61. Ke4 Rc6 62. Rg6+ Kd7 63. Rg7+ Ke6 64. Rh7 Rd6 65. Be5 Rc6 66. Kd4 Rc1 67. Rh6+ Kd7 68. Kd5 Rd1+ 69. Bd4 Rd2 70. Rh7+ Ke8 71. Ke5 Rd1 72. Bc5 Rd7 73. Rh6 Rf7 74. Ke6 Re7+ 75. Kd6 Rd7+ 76. Ke5 Rf7 77. Bd6 Kd7 78. Kd5 Rf5+ 79. Be5 Rf7 80. Ra6 Ke7 81. Bd6+ Kd7 82. Ra8 Rf5+ 83. Be5 Rf7 84. Ra7+ Ke8 85. Bc7 Kd7 86.
Bb6+ Ke8 87. Ra8+ Kd7 88. Bd4 Re7 89. Bf6 Rf7 90. Ke5 Kc6 91. Ke6 Rc7 92. Be5 Rb7 93. Rc8+ Kb5 94. Kd5 Rd7+ 95. Bd6 Rb7 96. Rc1 Rb6 97.
Bc5 Rb7 98. Ra1 Rd7+ 99. Bd6 Rb7 100. Rc1 Rb6 101. Bc7 Rb7 102. Kd6 Ka4 103. Ra1+ Kb5 104. Rc1 Ka6 105. Kd5 Kb5 106. Rc6 Kb4 107. Bd6+ Kb3 108. Kd4 Rb5 109. Kd3 Rd5+ 110. Ke3 Rd1 111. Be5 Rd5 112. Rb6+ Kc4 113. Ke4 Rc5 114. Bd4 Rc8 115. Rb1 Rc6 116. Be5 Kc5 117. Rh1 Kc4 1/2-1/2

[Event "*** Qualifier 3: Titled Tuesday 3|2 Blitz"]
[Site "Chess.com"]
[Date "2017.04.18"]
[Round "5"]
[White "yurisolo"]
[Black "LawrenceTrent"]
[Result "1-0"]
[WhiteElo "2465"]
[BlackElo "2398"]
[TimeControl "180+2"]
[EndTime "13:59:43 PDT"]
[Termination "yurisolo won by resignation"]

1. e4 e5 2. Nf3 Nc6 3. Bb5 a6 4.
Ba4 Nf6 5. O-O Bc5 6. c3 b5 7. Bc2 d5 8. d4 dxe4 9. Nbd2 exf3 10. Qxf3 exd4 11. Qxc6+ 1-0

[Event "*** Qualifier 3: Titled Tuesday 3|2 Blitz"]
[Site "Chess.com"]
[Date "2017.04.18"]
[Round "5"]
[White "Kubas1010"]
[Black "peteseeger"]
[Result "1-0"]
[WhiteElo "2408"]
[BlackElo "2131"]
[TimeControl "180+2"]
[EndTime "14:01:39 PDT"]
[Termination "Kubas1010 won by resignation"]

1. d4 g6 2. c4 Bg7 3. Nf3 d6 4. Nc3 e5 5. dxe5 dxe5 6. Qxd8+ Kxd8 7. g3 c6 8. Bg2 Be6 9. Ng5 Bxc4 10. b3 e4 11. Bb2 h6 12. Ngxe4 Be6 13. O-O-O+ Kc7 14. Nb5+ cxb5 15. Bxg7 Rh7 16. Be5+ Kb6 17. Rd8 Ne7 18. Rxb8 1-0

[Event "*** Qualifier 3: Titled Tuesday 3|2 Blitz"]
[Site "Chess.com"]
[Date "2017.04.18"]
[Round "5"]
[White "FearNoEvil12"]
[Black "MFBerna"]
[Result "0-1"]
[WhiteElo "2110"]
[BlackElo "2181"]
[TimeControl "180+2"]
[EndTime "14:02:23 PDT"]
[Termination "MFBerna won by resignation"]

1. e4 c5 2. Nc3 e6 3. f4 d5 4. Nf3 Nf6 5. Bb5+ Bd7 6. Qe2 Be7 7.
O-O O-O 8. Bxd7 Qxd7 9. d3 Nc6 10. Kh1 dxe4 11. dxe4 e5 12. f5 Nd4 13. Nxd4 cxd4 14. Nd1 Rac8 15. Bg5 Qc6 16. Bxf6 Bxf6 17. c3 Rfd8 18.
Rc1 d3 19. Qf3 Bg5 20. Ra1 d2 21. Ne3 Rd3 0-1

[Event "*** Qualifier 3: Titled Tuesday 3|2 Blitz"]
[Site "Chess.com"]
[Date "2017.04.18"]
[Round "5"]
[White "LuckyTiger"]
[Black "ka1ser64"]
[Result "1-0"]
[WhiteElo "2589"]
[BlackElo "2335"]
[TimeControl "180+2"]
[EndTime "14:02:31 PDT"]
[Termination "LuckyTiger won by checkmate"]

1. e4 e6 2. d4 d5 3. Nc3 Nc6 4. Nf3 Nf6 5. e5 Ne4 6. Ne2 f6 7. Ng3 Bb4+ 8. c3 Nxc3 9. bxc3 Bxc3+ 10. Bd2 Bxd4 11. Nxd4 Nxd4 12. Bc3 Nc6 13. exf6 gxf6 14. Qh5+ Kd7 15. Bb5 Kd6 16. O-O Ne5 17. Ne4+ dxe4 18. Rfd1+ Kc5 19. Rxd8 Rxd8 20. Bxe5 Rd5 21. Rc1+ Kxb5 22.
Qe2+ Kb6 23. Bxc7# 1-0

[Event "*** Qualifier 3: Titled Tuesday 3|2 Blitz"]
[Site "Chess.com"]
[Date "2017.04.18"]
[Round "5"]
[White "Malev212"]
[Black "Indianlad"]
[Result "0-1"]
[WhiteElo "2440"]
[BlackElo "2729"]
[TimeControl "180+2"]
[EndTime "14:03:41 PDT"]
[Termination "Indianlad won by resignation"]

1. e4 c5 2. Nf3 d6 3. d4 cxd4 4. Nxd4 Nf6 5. Nc3 Bd7 6. Bc4 Nc6 7. Bb3 Na5 8. h3 e5 9. Nde2 Nxb3 10. axb3 h6 11.
f4 b5 12. Ng3 Be7 13. O-O O-O 14. Be3 Qc7 15. Qd3 b4 16. Nce2 Rfc8 17. Rac1 Qb7 18.
fxe5 dxe5 19. Nf5 Bxf5 20. Rxf5 Rd8 0-1

[Event "*** Qualifier 3: Titled Tuesday 3|2 Blitz"]
[Site "Chess.com"]
[Date "2017.04.18"]
[Round "5"]
[White "likantrophuss"]
[Black "Grootneus"]
[Result "0-1"]
[WhiteElo "2386"]
[BlackElo "2107"]
[TimeControl "180+2"]
[EndTime "14:03:44 PDT"]
[Termination "Grootneus won on time"]

1. d4 Nf6 2. Nf3 c5 3. c3 d5 4. Bf4 Nc6 5. e3 e6 6. Bd3 Bd6 7. Bg3 O-O 8. Nbd2 Qe7 9. Ne5 Nd7 10. f4 f6 0-1

[Event "*** Qualifier 3: Titled Tuesday 3|2 Blitz"]
[Site "Chess.com"]
[Date "2017.04.18"]
[Round "5"]
[White "superjem123"]
[Black "JoachimBN"]
[Result "1/2-1/2"]
[WhiteElo "2561"]
[BlackElo "2655"]
[TimeControl "180+2"]
[EndTime "14:03:57 PDT"]
[Termination "Game drawn by agreement"]

1. c4 b6 2. d4 Bb7 3. Nc3 Nf6 4.
Nf3 e6 5. g3 Bb4 6. Bd2 O-O 7.
Bg2 c5 8. dxc5 Bxc5 9. O-O Nc6 10. a3 Nd4 11. Nxd4 Bxg2 12. Nxe6 dxe6 13. Kxg2 Qc7 14.
Rc1 Rfd8 15. Qc2 Be7 16. b3 Bxa3 17. Ra1 Be7 18. f3 a6 19. Rfc1 Qb7 20. Be3 Ng4 21. Bg1 Nf6 22. Na4 Nd7 23. Rd1 Nc5 24. b4 Rxd1 25.
Rxd1 Nxa4 26. Qxa4 b5 27. cxb5 axb5 28. Qb3 Qc7 1/2-1/2

[Event "*** Qualifier 3: Titled Tuesday 3|2 Blitz"]
[Site "Chess.com"]
[Date "2017.04.18"]
[Round "5"]
[White "roldieyi"]
[Black "JaimeSantosLatasa"]
[Result "1-0"]
[WhiteElo "2237"]
[BlackElo "2527"]
[TimeControl "180+2"]
[EndTime "14:04:24 PDT"]
[Termination "roldieyi won by resignation"]

1. d4 d5 2. Nf3 Nf6 3. c4 e6 4.
Bg5 dxc4 5. Nc3 a6 6. a4 Nc6 7. e3 Na5 8. Ne5 h6 9. Bh4 c5 10. Nxc4 cxd4 11. exd4 Be7 12. Ne5 O-O 13. Be2 Qb6 14.
Rb1 Rd8 15. Nf3 Nb3 16. O-O Nxd4 17. Ne1 e5 18. Qc1 Bf5 19. Bd3 Nb3 20. Qc2 Rxd3 21. Nxd3 Nc5 22. Bxf6 Bxd3 23. Nd5 1-0

[Event "*** Qualifier 3: Titled Tuesday 3|2 Blitz"]
[Site "Chess.com"]
[Date "2017.04.18"]
[Round "5"]
[White "TenisMaster"]
[Black "Rodalquilar"]
[Result "1-0"]
[WhiteElo "2675"]
[BlackElo "2537"]
[TimeControl "180+2"]
[EndTime "14:04:31 PDT"]
[Termination "TenisMaster won by resignation"]

1. e4 e5 2. Nf3 Nc6 3. Bb5 a6 4.
Ba4 Nf6 5. O-O Be7 6. d3 d6 7. c3 O-O 8. Re1 Nd7 9. Bc2 Nb6 10.
d4 exd4 11. cxd4 d5 12. Nc3 Bg4 13. exd5 Nxd5 14. h3 Bh5 15. Bxh7+ Kxh7 16. Ng5+ Kg6 17. Qd3+ f5 18. Ne6 Qd6 19. Nxd5 Qxd5 20. Nf4+ 1-0

[Event "*** Qualifier 3: Titled Tuesday 3|2 Blitz"]
[Site "Chess.com"]
[Date "2017.04.18"]
[Round "5"]
[White "Jamaladam12200620"]
[Black "brauliocuarta"]
[Result "0-1"]
[WhiteElo "1971"]
[BlackElo "2143"]
[TimeControl "180+2"]
[EndTime "14:04:57 PDT"]
[Termination "brauliocuarta won by resignation"]

1. e4 c5 2. d4 cxd4 3. c3 dxc3 4.
Nxc3 Nc6 5. Nf3 e6 6. Bc4 a6 7. O-O b5 8. Bb3 Bb7 9. Qe2 Na5 10. Bc2 Ne7 11. Rd1 Ng6 12. Be3 Nc4 13. Bd4 Nxb2 14. Re1 Nc4 15. a4 Nf4 16. Qd1 b4 17. Ne2 Ng6 18. Bd3 Rc8 19. Rc1 d5 20. exd5 Bxd5 21. a5 Qd7 22. Ng5 Bd6 23. g3 O-O 24. Be4 Nxa5 25.
Bxd5 exd5 26. Qd3 Nc4 27. h4 Rfe8 28. Nf3 Qg4 29. Kg2 Rxe2 30. Qxe2 Nf4+ 0-1

[Event "*** Qualifier 3: Titled Tuesday 3|2 Blitz"]
[Site "Chess.com"]
[Date "2017.04.18"]
[Round "5"]
[White "Blitzstream"]
[Black "Rating-Schmating"]
[Result "1-0"]
[WhiteElo "2475"]
[BlackElo "2299"]
[TimeControl "180+2"]
[EndTime "14:05:15 PDT"]
[Termination "Blitzstream won by resignation"]

1. d4 Nf6 2. Bg5 d5 3. Bxf6 exf6 4. e3 Bf5 5. Nf3 c6 6. Bd3 Qd7 7. c4 Bb4+ 8. Nc3 Bxc3+ 9. bxc3 O-O 10. O-O Bxd3 11.
Qxd3 dxc4 12. Qxc4 b5 13. Qb3 Na6 14. a4 Nc7 15. axb5 cxb5 16. c4 bxc4 17. Qxc4 Nd5 18. Ra5 Nb6 19. Qa2 Rfc8 20. Ra1 Rc7 21. h3 h6 22. Nd2 Qc8 23. Qb1 Nc4 24. Nxc4 Rxc4 25. Qe4 Rc1+ 26. Kh2 Rxa1 27. Rxa1 a5 28. Ra4 Qc7+ 29. f4 Rb8 30. d5 Rb5 31. Qe8+ Kh7 32. Qxb5 Qc3 33. Qc4 Qxe3 34. Qe4+ 1-0

[Event "*** Qualifier 3: Titled Tuesday 3|2 Blitz"]
[Site "Chess.com"]
[Date "2017.04.18"]
[Round "5"]
[White "chipmunknau"]
[Black "Lupul_Cenusiu"]
[Result "0-1"]
[WhiteElo "2400"]
[BlackElo "2462"]
[TimeControl "180+2"]
[EndTime "14:05:19 PDT"]
[Termination "Lupul_Cenusiu won by resignation"]

1. Nf3 Nf6 2. d4 g6 3. g3 Bg7 4. Bg2 O-O 5. O-O d6 6. c4 c6 7. Nc3 Bf5 8. Qb3 Qb6 9. Re1 Ne4 10.
Nxe4 Bxe4 11. Qxb6 axb6 12. Be3 c5 13. Bg5 Re8 14.
dxc5 bxc5 15. Nd2 Bxg2 16. Kxg2 Bxb2 17. Rab1 Rxa2 18. Red1 Nc6 19. Nf3 Na5 20. Nd2 f6 21. Be3 Kf7 22. Kf1 Ra8 23. h4 h5 24. Kg2 Rb8 25.
Kf1 b5 26. cxb5 Rxb5 27. Ne4 Rb4 28. f3 Nc4 29. Bf2 Be5 30. Rbc1 Na3 31. f4 Bb2 32. Rd2 Bxc1 33. Rxa2 Rxe4 0-1

[Event "*** Qualifier 3: Titled Tuesday 3|2 Blitz"]
[Site "Chess.com"]
[Date "2017.04.18"]
[Round "5"]
[White "olomi007"]
[Black "matiss90"]
[Result "1-0"]
[WhiteElo "2486"]
[BlackElo "2305"]
[TimeControl "180+2"]
[EndTime "14:05:25 PDT"]
[Termination "olomi007 won by resignation"]

1. e4 c5 2. Nf3 d6 3. d4 cxd4 4.
Nxd4 Nf6 5. Nc3 g6 6. Be3 Bg7 7. f3 Nc6 8. Qd2 O-O 9. Bc4 Bd7 10. O-O-O Rb8 11. Bb3 Na5 12. h4 b5 13. Bh6 Nc4 14. Qg5 e5 15. Bxg7 Kxg7 16. Nf5+ Bxf5 17. exf5 h6 18. Qg3 Ne3 19. fxg6 fxg6 20. Rd3 Nf5 21. Qf2 a5 22. h5 a4 23. Qa7+ Qe7 24. Qxe7+ Nxe7 25.
Be6 Nxh5 26. Rxd6 Ng3 27. Re1 Rf6 28. Rxe5 Ngf5 29. Rd7 Kf8 30. Ne4 Rxe6 31. Rxe6 Ng8 32. Rxg6 b4 33. g4 1-0

[Event "*** Qualifier 3: Titled Tuesday 3|2 Blitz"]
[Site "Chess.com"]
[Date "2017.04.18"]
[Round "5"]
[White "DavidMarkosyan"]
[Black "SabinaFoisor"]
[Result "0-1"]
[WhiteElo "2334"]
[BlackElo "2239"]
[TimeControl "180+2"]
[EndTime "14:05:36 PDT"]
[Termination "SabinaFoisor won by resignation"]

1. e4 e5 2. Nf3 Nc6 3. Bc4 Bc5 4.
c3 Nf6 5. d3 O-O 6. Nbd2 a6 7.
Bb3 Ba7 8. h3 d5 9. Qe2 Re8 10.
Nf1 h6 11. g4 Be6 12. Ng3 Nh7 13. Nf5 Bc5 14. h4 Bf8 15. Bd2 a5 16. Ba4 Rb8 17.
Bxc6 bxc6 18. b3 a4 19. b4 c5 20. a3 d4 21. cxd4 exd4 22. bxc5 Bxc5 23. Kf1 Rb2 24. Kg2 h5 25. Qd1 hxg4 26. Ng5 Bxf5 27. exf5 Qd5+ 28. Kg3 Rxd2 29. Qxd2 Bd6+ 30. f4 gxf3+ 31. Kg4 Nf6+ 0-1

[Event "*** Qualifier 3: Titled Tuesday 3|2 Blitz"]
[Site "Chess.com"]
[Date "2017.04.18"]
[Round "5"]
[White "MateusViageiro"]
[Black "chessking2151"]
[Result "0-1"]
[WhiteElo "2286"]
[BlackElo "2323"]
[TimeControl "180+2"]
[EndTime "14:05:36 PDT"]
[Termination "chessking2151 won by resignation"]

1. e4 c5 2. Nf3 d6 3. d4 cxd4 4.
Nxd4 Nf6 5. Nc3 a6 6. Be3 e5 7. Nb3 Be6 8. f3 Be7 9. Qd2 Nbd7 10. O-O-O O-O 11. Kb1 b5 12. g4 Nc5 13. g5 Nh5 14. Nd5 Bxd5 15. exd5 Nxb3 16. axb3 f5 17. gxf6 Rxf6 18.
Rg1 Nf4 19. Bxf4 Rxf4 20. Bh3 Kh8 21. Qg2 Qf8 22. Bg4 g6 23. h4 a5 24. h5 g5 25.
Qe2 Qe8 26. c4 a4 27. bxa4 bxc4 28. Qc2 Rxa4 29. h6 e4 30. fxe4 Bf6 31. e5 Bxe5 32.
Rdf1 Qa8 33. Qe2 Ra1+ 34. Kc2 Qa4+ 0-1

[Event "*** Qualifier 3: Titled Tuesday 3|2 Blitz"]
[Site "Chess.com"]
[Date "2017.04.18"]
[Round "5"]
[White "RaphaeI"]
[Black "DiogenesSinopeus"]
[Result "1-0"]
[WhiteElo "2398"]
[BlackElo "2283"]
[TimeControl "180+2"]
[EndTime "14:05:38 PDT"]
[Termination "RaphaeI won on time"]

1. Nf3 Nf6 2. c4 e6 3. g3 a6 4.
Nc3 d5 5. d4 dxc4 6. Bg2 b5 7.
Ne5 Ra7 8. e4 Be7 9. Be3 O-O 10.
O-O Nfd7 11. d5 Ra8 12. Nxf7 Qe8 13. dxe6 Nb6 14. Nd5 Nxd5 15. exd5 Bb7 16. Bd4 Nd7 17. Bxg7 Kxg7 18. Qg4+ 1-0

[Event "*** Qualifier 3: Titled Tuesday 3|2 Blitz"]
[Site "Chess.com"]
[Date "2017.04.18"]
[Round "5"]
[White "Drags95"]
[Black "Aygehovit1992"]
[Result "1-0"]
[WhiteElo "2549"]
[BlackElo "2421"]
[TimeControl "180+2"]
[EndTime "14:05:47 PDT"]
[Termination "Drags95 won by resignation"]

1. e4 d6 2. d4 g6 3. Nc3 Bg7 4.
Be2 Nf6 5. h4 h5 6. Bg5 Nc6 7.
Nf3 Bg4 8. d5 Bxf3 9. gxf3 Ne5 10. f4 Ned7 11. Qd2 c6 12. O-O-O cxd5 13. exd5 Rc8 14.
f5 gxf5 15. Kb1 Qa5 16. Bb5 a6 17. Bxd7+ Kxd7 18. Rh3 Rc4 19. Qd3 Rhc8 20. Qxf5+ Kd8 21. Bd2 Qb6 22. Rg3 Ne8 23. Rxg7 Nxg7 24. Qxf7 Ne8 25. Re1 Kc7 26. Rxe7+ Kb8 27. Rxe8 Qd4 28. Rxc8+ Kxc8 29. Qe8+ Kc7 30. Qe7+ Kc8 31. Bg5 Kb8 32. Qxd6+ Ka7 33. Be3 1-0